 Dungeon Crawl Stone Soup version 0.26-a0-491-g70697cc071 (webtiles) character file.

Game seed: 3712021911926826710

169 MrRokkomies the Distorting Palentonga (level 5, -3/43 HPs)
             Began as a Palentonga Abyssal Knight on Aug 5, 2020.
             Was a Believer of Lugonu.
             Slain by an ogre
             ... wielding a +0 giant club
              (10 damage)
             ... on level 3 of the Dungeon.
             The game lasted 00:05:57 (3580 turns).

MrRokkomies the Distorting Palentonga (PaAK)        Turns: 3580, Time: 00:05:58

Health: -3/43      AC:  8    Str: 20 (22) XL:     5   Next: 25%
Magic:  2/7        EV:  7    Int: 12      God:    Lugonu [**....]
Gold:   152        SH:  0    Dex:  9 (10) Spells: 4/4 levels left

rFire    . . .     SeeInvis +   b - +0 hunting sling
rCold    . . .     Faith    .   (no shield)
rNeg     . . .     Spirit   .   j - +0 leather armour
rPois    .         Reflect  .   q - +2 hat
rElec    .         Harm     .   (no cloak)
rCorr    .                      (no gloves)
MR       .....                  f - -2 barding
Stlth    +.........             h - amulet of the acrobat
HPRegen  0.14/turn              d - +6 ring of strength
MPRegen  0.10/turn              (no ring)

@: no status effects
A: large, rugged brown scales 3, see invisible, deformed body, roll, armoured
tail
a: Rolling Charge, Depart the Abyss, Bend Space, Renounce Religion


You were on level 3 of the Dungeon.
You worshipped Lugonu.
Lugonu was pleased with you.
You visited 1 branch of the dungeon, and saw 4 of its levels.
You visited the Abyss 1 time.

You collected 242 gold pieces.
You spent 90 gold pieces at shops.

Inventory:

Hand Weapons
 a - a +1 mace
 b - a +0 hunting sling (weapon)
Missiles
 g - 18 sling bullets (quivered)
 k - 34 stones
Armour
 f - a -2 barding (worn)
 j - a +0 leather armour (worn)
 q - a +2 hat (worn)
Jewellery
 d - a +6 ring of strength (left hand)
 h - an amulet of the acrobat (around neck)
 i - an uncursed amulet of magic regeneration
Scrolls
 c - a scroll of fear {unknown}
 m - 6 scrolls of identify
 n - a scroll of magic mapping {unknown}
 p - a scroll of amnesia {unknown}
Potions
 e - 2 potions of invisibility
 o - a potion of lignification {unknown}
 r - 2 potions of curing


   Skills:
 + Level 3.6 Fighting
 * Level 3.6 Maces & Flails
 - Level 1.5 Armour
 + Level 1.8 Dodging
 * Level 3.7 Invocations


You had 4 spell levels left.
You didn't know any spells.
Your spell library was empty.

Dungeon Overview and Level Annotations

Branches:
Dungeon (4/15)
 Temple: D:4-7

Altars:
Cheibriados
Elyvilon
Kikubaaqudgha
Qazlal
Ru
Wu Jian
Zin


Innate Abilities, Weirdness & Mutations

You are completely covered in rugged brown scales. (AC +3, +7% HP)
You have supernaturally acute eyesight. (SInv)
Armour fits poorly on your strangely shaped body.
You can roll at foes to attack.
You have a long armoured tail.


Message History

Aim: an ogre, wielding a +0 giant club (severely wounded)
You shoot a stone. The stone barely misses the ogre.
Firing (i - inventory. (/) - cycle)
k - 35 stones (quivered)
Press: ? - help, Shift-Dir - straight line, f/p - ogre
Aim: an ogre, wielding a +0 giant club (severely wounded)
You shoot a stone. The stone closely misses the ogre.
Quiver which item? (- for none, * to show all) (? for menu, Esc to quit)
Quivering
g - 20 sling bullets for slings.
Firing (i - inventory. (/) - cycle)
g - 20 sling bullets (quivered)
Press: ? - help, Shift-Dir - straight line, f/p - ogre
Aim: an ogre, wielding a +0 giant club (severely wounded)
You shoot a sling bullet. The sling bullet hits the ogre!
The ogre is almost dead.
Firing (i - inventory. (/) - cycle)
g - 19 sling bullets (quivered)
Press: ? - help, Shift-Dir - straight line, f/p - ogre
Aim: an ogre, wielding a +0 giant club (almost dead)
You shoot a sling bullet.
The sling bullet barely misses the ogre.
The ogre hits you with a +0 giant club!
You die...

#######.......)........<..#
##...............####
#...............#
#...............#
#...............# ####
##.)............# #...
#.############## #.#.
#####.######### #)#.
#.......@.....# #.#.
#########.......O.....###
#.#.
.......##...............#
#.#.
.......##.......(.....#.#
####.#<
.......##.......(.....#.#
#....##
.......##.............#.#
#.####
.......##....>........#.#
#.#
................(.....#.#
#.#
...............(......#.#
#.#


You could see an ogre.

Vanquished Creatures
  2 orc wizards (D:3)
  2 adders
  An ooze (D:1)
  3 worms
  2 dart slugs (D:2)
  2 leopard geckos (D:1)
  5 orcs (D:3)
  3 giant cockroaches (D:1)
  8 goblins
  8 hobgoblins
  6 jackals
  2 quokkas
  A ball python (D:3)
  7 bats
  4 frilled lizards
  7 kobolds
  7 rats
70 creatures vanquished.

Notes
Turn   | Place    | Note
-------+----------+-------------------------------------------
     0 | Abyss:1  | MrRokkomies the Palentonga Abyssal Knight began the quest
                  | for the Orb.
     0 | Abyss:1  | Reached XP level 1. HP: 19/19 MP: 2/2
    62 | Abyss:1  | Noticed a neqoxec
    68 | Abyss:1  | Noticed a crimson imp
   103 | Abyss:1  | Noticed a rust devil
   113 | Abyss:1  | Noticed a balrug
   115 | D:1      | Escaped the Abyss
   378 | D:1      | Reached * piety under Lugonu
   604 | D:1      | Reached skill level 1 in Dodging
   604 | D:1      | Reached XP level 2. HP: 21/25 MP: 3/3
   674 | D:1      | Found a snail-covered altar of Cheibriados.
   968 | D:1      | Reached XP level 3. HP: 29/31 MP: 4/4
  1507 | D:2      | Reached ** piety under Lugonu
  1910 | D:2      | Reached XP level 4. HP: 29/37 MP: 6/6
  2543 | D:3      | Found a sacrificial altar of Ru.
  2674 | D:3      | Found an ancient bone altar of Kikubaaqudgha.
  2679 | D:3      | Found Zin's Purification Station.
  2890 | D:3      | Found a glowing silver altar of Zin.
  2893 | D:3      | Bought a potion of curing for 90 gold pieces
  3225 | D:3      | Found a stormy altar of Qazlal.
  3226 | D:3      | Found an ornate altar of the Wu Jian Council.
  3237 | D:3      | Reached XP level 5. HP: 15/43 MP: 7/7
  3521 | D:4      | Found a white marble altar of Elyvilon.
  3531 | D:4      | Noticed an ogre
  3580 | D:3      | Slain by an ogre

Illustrated notes

Levels and vault maps discovered:
D:1:      lightli_arrival_lavapool, layout_basic, cheibriados_altar_1
D:2:      layout_rooms
D:3:      layout_basic, overflow_temple_1_default, zin_purify, minitemple,
          nicolae_ru_awakened_eye
D:4:      layout_gridville, elyvilon_altar_5, vehumet_crystals

Skill      XL: |  1  2  3 |
---------------+----------+-----
Dodging        | 1 |  1.8
Invocations    | 3 |  3.7
Maces & Flails | 3 |  3.6
Fighting       | |  3.6
Armour         | |  1.5

Action                   |  1- 3 |  4- 6 || total
-------------------------+-------+-------++-------
Melee: Mace              |    91 |    81 ||   172
       Hand axe          |    49 |       ||    49
       Tailslap          |    15 |    10 ||    25
 Fire: Hunting sling     |       |    12 ||    12
Invok: Depart the Abyss  |     1 |       ||     1
       Bend Space        |       |     7 ||     7
 Abil: Rolling Charge    |       |     1 ||     1
  Use: Scroll            |     3 |     4 ||     7
       Potion            |     2 |     1 ||     3
Armor: Leather armour    |   108 |    66 ||   174
Dodge: Dodged            |   110 |    66 ||   176

Table legend: (Time is in decaauts)
 A = Elapsed time spent in this place.
 B = Non-inter-level travel time spent in this place.
 C = Inter-level travel time spent in this place.
 D = Time resting spent in this place.
 E = Time spent auto-exploring this place.
 F = Levels seen in this place.
 G = Mean time per level.
                   A        B        C        D        E       F      G
               +--------+--------+--------+--------+--------+-----+--------+
         Total |   3633 |   3517 |    116 |   1039 |   1856 |   5 |  726.6 |
       Dungeon |   3518 |   3402 |    116 |   1039 |   1795 |   4 |  879.5 |
         Abyss |    115 |    115 |      0 |      0 |     61 |   1 |  115.0 |
               +--------+--------+--------+--------+--------+-----+--------+

Top non-repeatable levels by time:
     D:1: 1370 daAuts
     D:3: 1118 daAuts
     D:2: 983 daAuts
 Abyss:1: 115 daAuts
     D:4: 46 daAuts
